 Dungeon Crawl Stone Soup version 0.31-a0-1-g4198be8af4 (webtiles) character file.

Game seed: 5691810640716171355

32 subawu the Ruffian (level 3, -7/28 HPs)
             Began as a Draconian Transmuter on May 1, 2023.
             Mangled by Jessica
             ... wielding a +5 dagger
              (9 damage)
             ... on level 2 of the Dungeon.
             The game lasted 00:09:03 (1907 turns).

subawu the Ruffian (Draconian Transmuter)           Turns: 1907, Time: 00:09:03

Health: -7/28      AC:  5    Str: 14    XL:     3   Next: 8%
Magic:  6/6        EV: 12    Int: 13    God:
Gold:   110        SH:  0    Dex: 11    Spells: 5/6 levels left

rFire   . . .        l - +0 dagger (flame)
rCold   . . .        (no shield)
rNeg    . . .        (body armour unavailable)
rPois   .            (helmet restricted)
rElec   .            (no cloak)
rCorr   .            (no gloves)
SInv    .            (no boots)
Will    .....        (no amulet)
Stlth   +            (no ring)
HPRegen 0.24/turn    (no ring)
MPRegen 0.10/turn

%: no passive effects
@: hasted, very quick
A: AC +5, unfitting armour, cold-blooded
a: no special abilities


You were on level 2 of the Dungeon.
You visited 1 branch of the dungeon, and saw 2 of its levels.

You collected 110 gold pieces.

Inventory:

Hand Weapons
 b - a +0 club
 c - a +0 dagger
 d - a +0 dagger
 e - a +0 whip
 g - a +0 dagger
 i - a +0 short sword
 l - a +0 dagger of flaming (weapon)
 m - a +0 dagger
 n - a +0 dagger
 p - a +0 short sword
 q - a +0 trident
Missiles
 f - 13 stones
Armour
 j - a +0 chain mail
 k - a +0 ring mail
Magical Staves
 o - a staff of conjuration
Potions
 a - a potion of lignification


   Skills:
 + Level 1.1 Fighting
 + Level 2.0 Dodging
 + Level 0.2 Stealth
 + Level 3.6 Unarmed Combat
 + Level 2.3 Spellcasting
 + Level 2.1 Transmutations


You had 5 spell levels left.
You knew the following spells:

 Your Spells              Type           Power      Damage    Failure   Level
a - Beastly Appendage     Tmut           14%        N/A       10%         1

Your spell library contained the following spells:

 Spells                   Type           Power      Damage    Failure   Level
 Wereblood                Tmut           7%         N/A       16%         2
 Spider Form              Tmut/Pois      4%         N/A       43%         3
 Ice Form                 Ice/Tmut       4%         N/A       83%         4


Dungeon Overview and Level Annotations

Branches:
Dungeon (2/15)

Altars:

Annotations:
D:2 Jessica


Innate Abilities, Weirdness & Mutations

Your plain brown scales are hard. (AC +5)
You cannot fit into any form of body armour.
You are cold-blooded and may be slowed by cold attacks.


Message History

You now have 110 gold pieces (gained 13).
A kobold comes into view. It is wielding a +0 club.
Found a potion of brilliance.
The kobold throws a stone.
The stone hits you but does no damage.
Jessica the Apprentice Sorceress comes into view.
She is wielding a +5 dagger.
Jessica shouts!
The kobold throws a stone.
The stone closely misses you.
A worm comes into view.
The kobold throws a stone.
The stone misses you.
Jessica points at you and mumbles some strange words.
Pain shoots through your body!
The kobold throws a stone.
The stone closely misses you.
Jessica shouts, "You're disturbing me!
I'll have to kill you!"
The kobold throws a stone.
The stone closely misses you.
Jessica shouts, "You are a ghastly nuisance!"
The kobold throws a stone.
The stone barely misses you.
Jessica casts a spell.
Jessica blinks!
Jessica shouts, "You're disturbing me!
I'll have to kill you!"
Jessica points at you and mumbles some strange words.
Pain shoots through your body! Jessica attacks as you move away!
Jessica barely misses you. Jessica attacks as you move away!
Jessica hits you with a +5 dagger. Jessica attacks as you move away!
Jessica hits you with a +5 dagger.
* * * LOW HITPOINT WARNING * * *
Jessica attacks as you move away! Jessica hits you with a +5 dagger.
* * * LOW HITPOINT WARNING * * *
Jessica casts a spell.
Jessica blinks!
The kobold throws a stone.
The stone barely misses you.
Jessica casts a spell.
Jessica seems to speed up.
You feel yourself speed up.
The kobold throws a stone.
The stone barely misses you.
Jessica points at you and mumbles some strange words.
Pain shoots through your body!
* * * LOW HITPOINT WARNING * * *
The kobold throws a stone.
The stone hits you but does no damage. Jessica hits you with a +5 dagger!
You die...

... #..######
#..#.......#
#..##...##.#
#........#
#.....<#.#+###
#............#
##...........#
##########..††.....#
.......# #...K..@..#
.......###.....@>..#
.....†.............#
...................#
#....†.>...........#
#.............[....#
##########.........#
###########


You could see Jessica (fast) and a kobold.

Vanquished Creatures
  7 ball pythons
  3 endoplasms
  2 giant cockroaches (D:2)
  2 goblins (D:1)
  3 hobgoblins
  5 kobolds
  A quokka (D:2)
  3 bats
  3 frilled lizards (D:1)
  2 rats
31 creatures vanquished.

Vanquished Creatures (others)
  7 plants (D:1)
7 creatures vanquished.

Grand Total: 38 creatures vanquished

Notes
Turn   | Place    | Note
-------+----------+-------------------------------------------
     0 | D:1      | subawu the Draconian Transmuter began the quest for the
                  | Orb.
     0 | D:1      | Reached XP level 1. HP: 16/16 MP: 3/3
   273 | D:1      | Reached XP level 2. HP: 21/23 MP: 5/5
  1816 | D:2      | Reached XP level 3. HP: 23/28 MP: 6/6
  1880 | D:2      | Noticed Jessica
  1907 | D:2      | Mangled by Jessica

Illustrated notes

Levels and vault maps discovered:
D:1:      dpeg_arrival_shrine, layout_loops_corners, serial_bayou_lagoon_a
D:2:      layout_basic, basic_altar, uniq_jessica

Skill      XL: |  1  2 |
---------------+-------+-----
Dodging        | 2 |  2.0
Fighting       | |  1.1
Stealth        | |  0.2
Unarmed Combat | |  3.6
Spellcasting   | |  2.3
Transmutations | |  2.1

Action                     || total
---------------------------++-------
  Melee: Unarmed           ||    18
         Kick              ||     6
         Tailslap          ||    18
         Headbutt          ||     1
         Dagger            ||    65
         Club              ||    26
         Punch             ||     2
   Cast: Beastly Appendage ||     5
    Use: Scroll            ||     2
         Potion            ||     5
 Armour: Skin              ||    60
  Dodge: Dodged            ||   145

Table legend: (Time is in decaauts)
 A = Elapsed time spent in this place.
 B = Non-inter-level travel time spent in this place.
 C = Inter-level travel time spent in this place.
 D = Time resting spent in this place.
 E = Time spent auto-exploring this place.
 F = Levels seen in this place.
 G = Mean time per level.
                   A        B        C        D        E       F      G
               +--------+--------+--------+--------+--------+-----+--------+
         Total |   1916 |   1699 |    217 |    259 |      0 |   2 |  958.0 |
       Dungeon |   1916 |   1699 |    217 |    259 |      0 |   2 |  958.0 |
               +--------+--------+--------+--------+--------+-----+--------+

Top non-repeatable levels by time:
     D:1: 1321 daAuts
     D:2: 594 daAuts
